 Dungeon Crawl Stone Soup version 0.29-a0-40-g8eb35efe60 (webtiles) character file.

Game seed: 14949540778789475621

211 siradein the Covered (level 5, -2/34 HPs)
             Began as a Gargoyle Fighter on Feb 2, 2022.
             Killed from afar by Dowan (17 damage)
             ... with a stone arrow
             ... on level 4 of the Dungeon.
             The game lasted 00:08:31 (3222 turns).

siradein the Covered (Gargoyle Fighter)             Turns: 3222, Time: 00:08:33

Health: -2/34      AC: 13    Str: 22    XL:     5   Next: 88%
Magic:  1/1        EV:  7    Int:  8    God:
Gold:   96         SH:  4    Dex:  9    Spells: 4/4 levels left

rFire   . . .      SeeInvis .   v - +0 flail (antimagic)
rCold   . . .      Faith    .   c - +0 buckler
rNeg    + + .      Spirit   .   t - +0 chain mail
rPois   ∞          Reflect  .   (no helmet)
rElec   +          Harm     .   (no cloak)
rCorr   .          Rampage  .   (no gloves)
Will    .....                   (no boots)
Stlth   ..........              (no amulet)
HPRegen 0.11/turn               o - ring of positive energy
MPRegen 0.07/turn               (no ring)

@: no status effects
A: sickness immunity, AC +4, negative energy resistance 1, electricity
resistance, torment resistance 1, petrification resistance
a: no special abilities


You were on level 4 of the Dungeon.
You visited 1 branch of the dungeon, and saw 4 of its levels.

You collected 96 gold pieces.

Inventory:

Hand Weapons
 v - a +0 antimagic flail (weapon)
Armour
 c - a +0 buckler (worn)
 t - a +0 chain mail (worn)
Jewellery
 o - a ring of positive energy (left hand)
Wands
 q - a wand of flame (7)
Scrolls
 e - a scroll of acquirement {unknown}
 f - 2 scrolls of enchant armour {unknown}
 g - a scroll of summoning {unknown}
 h - a scroll of vulnerability {unknown}
 i - a scroll of brand weapon {unknown}
 l - 2 scrolls of amnesia
 p - a scroll of torment {unknown}
 s - 2 scrolls of identify {unknown}
 u - 2 scrolls of fog {unknown}
Potions
 b - a potion of mutation {unknown}
 d - a potion of might
 j - 3 potions of brilliance {unknown}
 k - 2 potions of haste {unknown}
 m - 2 potions of lignification {unknown}
 n - 4 potions of curing {unknown}
 r - a potion of attraction {unknown}


   Skills:
 + Level 4.4 Fighting
 + Level 3.3 Maces & Flails
 + Level 4.5 Armour
 + Level 4.4 Shields


You had 4 spell levels left.
You didn't know any spells.
Your spell library contained the following spells:

 Spells                   Type           Power      Damage    Failure   Level
 Static Discharge         Conj/Air       0%         N/A       100%        2
 Dispel Undead            Necr           0%         3d6       100%        4
 Sticky Flame             Conj/Fire      0%         2d3       100%        4


Dungeon Overview and Level Annotations

Branches:
Dungeon (4/15)
 Temple: D:4-7

Altars:
Cheibriados
Kikubaaqudgha
Nemelex Xobeh
Trog
Uskayaw
Vehumet
Xom

Annotations:
D:4 Dowan


Innate Abilities, Weirdness & Mutations

You are immune to sickness and miasma.
Your stone body is resilient. (AC +4)
You are immune to poison.
You resist negative energy. (rN+)
You are resistant to electric shocks. (rElec)
You are resistant to unholy torment.
You are immune to petrification.


Message History

You have reached level 5!
Things that are here:
a +0 short sword; a +0 leather armour; the elf corpse of Duvessa
u - 2 scrolls labelled COXOKU VIEB You start resting.
You feel a little less mighty now.
You start resting.
You hear the brisk hiss of a very distant avalanche of sand.
A goblin comes into view. It is wielding a +0 club.
The goblin shouts!
A kobold comes into view. It is wielding a +0 short sword.
You see here a +0 antimagic flail.
You feel magic leave you.
v - a +0 antimagic flail (weapon)
You drop a +0 flail.
An adder comes into view.
Dowan, Brother of Duvessa comes into view.
He is wielding a +0 dagger.
Dowan seems to find hidden reserves of power!
You block the goblin's attack.
You hit the goblin.
The goblin is heavily wounded.
The goblin hits you but does no damage. Dowan hits you but does no damage.
You hit the goblin.
You kill the goblin!
Dowan casts a spell at you. The shard of ice misses you.
You block the adder's attack.
Dowan casts a spell.
Dowan blinks!
You miss the adder. The adder bites you. Dowan hits you with a +0 dagger.
You block the adder's attack.
You barely miss Dowan.
Dowan casts a spell.
Dowan blinks!
The adder misses you.
You sock the adder!
The adder is almost dead.
The adder closely misses you. The adder barely misses you.
Dowan points at you and mumbles some strange words.
The stone arrow hits you!
Ouch! That really hurt!
You die...

#......##...###.#.....
#.....###..###.....g..
....#..#...#..........
#...#...)........#
##........#...##......
##...##..##...##.....
####..#####...##....
#..# ##.S§##... #..#
##.@.##.. ####
#∩#e..##. ..###.).#
#.. #._.# ## #####


You could see Dowan (fast) and an adder.

Vanquished Creatures
  Duvessa (D:4)
  3 adders
  3 worms
  3 orcs (D:3)
  6 ball pythons
  3 bats
  9 endoplasms
  5 giant cockroaches
  6 goblins
  6 hobgoblins
  3 kobolds
  5 quokkas
  3 frilled lizards
  7 rats
63 creatures vanquished.

Vanquished Creatures (others)
  An endoplasm (D:2)
1 creature vanquished.

Grand Total: 64 creatures vanquished

Notes
Turn   | Place    | Note
-------+----------+-------------------------------------------
     0 | D:1      | siradein the Gargoyle Fighter began the quest for the Orb.
     0 | D:1      | Reached XP level 1. HP: 14/14 MP: 1/1
   237 | D:1      | Reached XP level 2. HP: 18/19 MP: 2/2
   988 | D:1      | Found a faded altar of an unknown god.
  1252 | D:2      | Reached XP level 3. HP: 20/23 MP: 3/3
  1879 | D:2      | Reached XP level 4. HP: 27/29 MP: 4/4
  2282 | D:3      | Found a radiant altar of Vehumet.
  2346 | D:3      | Found a shimmering altar of Xom.
  2478 | D:3      | Found a snail-covered altar of Cheibriados.
  2617 | D:3      | Found a hide-covered altar of Uskayaw.
  2617 | D:3      | Found an ancient bone altar of Kikubaaqudgha.
  2617 | D:3      | Found a sparkling altar of Nemelex Xobeh.
  3136 | D:4      | Found a bloodstained altar of Trog.
  3136 | D:4      | Noticed Duvessa
  3151 | D:4      | Killed Duvessa
  3152 | D:4      | Reached XP level 5. HP: 13/34 MP: 5/5
  3217 | D:4      | Noticed Dowan
  3222 | D:4      | Killed from afar by Dowan

Illustrated notes

Levels and vault maps discovered:
D:1:      sevenhm_arrival_forest_fort_small_6, layout_basic,
          hellmonk_ecumenical_altar_slurped_away
D:2:      layout_rooms, minmay_vboxes
D:3:      layout_loops_ring, mainiacjoe_overflow_alcove_1,
          gammafunk_temple_overflow_claw, mainiacjoe_overflow_tiny_flanked,
          old_standard_altar
D:4:      layout_cave_pools, nzn_overflow_gifts_of_might_and_magic,
          nicolae_ossuary_entry_giza, kennysheep_generic_room_10

Skill      XL: |  1  2  3  4 |
---------------+-------------+-----
Armour         | 4 |  4.5
Fighting       | 4 |  4.4
Shields        | 4 |  4.4
Maces & Flails | 3 |  3.3

Action                   |  1- 3 |  4- 6 || total
-------------------------+-------+-------++-------
Melee: Flail             |   130 |    92 ||   222
  Use: Scroll            |       |     1 ||     1
       Potion            |       |     1 ||     1
Armor: Scale mail        |    55 |    13 ||    68
       Chain mail        |       |    38 ||    38
Dodge: Dodged            |    71 |    39 ||   110
Block: Buckler           |    37 |    26 ||    63

Table legend: (Time is in decaauts)
 A = Elapsed time spent in this place.
 B = Non-inter-level travel time spent in this place.
 C = Inter-level travel time spent in this place.
 D = Time resting spent in this place.
 E = Time spent auto-exploring this place.
 F = Levels seen in this place.
 G = Mean time per level.
                   A        B        C        D        E       F      G
               +--------+--------+--------+--------+--------+-----+--------+
         Total |   3291 |   3236 |     55 |    318 |   2241 |   4 |  822.8 |
       Dungeon |   3291 |   3236 |     55 |    318 |   2241 |   4 |  822.8 |
               +--------+--------+--------+--------+--------+-----+--------+

Top non-repeatable levels by time:
     D:1: 1431 daAuts
     D:3: 767 daAuts
     D:2: 763 daAuts
     D:4: 328 daAuts
